 Dungeon Crawl Stone Soup version 0.27-a0-1154-gfdeffcb720 (webtiles) character file.

Game seed: 2239198171663476979

455 Froggeryz the Ruffian (level 7, -2/57 HPs)
             Began as a Ghoul Delver on May 14, 2021.
             Slain by Duvessa
             ... wielding a +0 rapier
              (7 damage)
             ... on level 4 of the Dungeon.
             The game lasted 00:05:18 (4409 turns).

Froggeryz the Ruffian (Ghoul Delver)                Turns: 4409, Time: 00:05:19

Health: -2/57      AC:  8    Str: 17    XL:     7   Next: 5%
Magic:  6/6        EV:  9    Int:  6    God:
Gold:   117        SH:  0    Dex: 10    Spells: 6/6 levels left

rFire    . . .     SeeInvis .     - Unarmed
rCold    + . .     Faith    .   (no shield)
rNeg     + + +     Spirit   .   j - +0 scale mail
rPois    ∞         Reflect  .   (no helmet)
rElec    .         Harm     .   l - +1 cloak
rCorr    .         Rampage  .   (no gloves)
Will     .....                  (no boots)
Stlth    +.........             (no amulet)
HPRegen  0.00/turn              (no ring)
MPRegen  0.10/turn              (no ring)

@: mighty, attractive
A: claws 1, cold resistance 1, negative energy resistance 3, inhibited
regeneration, torment resistance 2
a: no special abilities


You were on level 4 of the Dungeon.
You visited 1 branch of the dungeon, and saw 5 of its levels.

You collected 195 gold pieces.
You spent 78 gold pieces at shops.

Inventory:

Missiles
 h - 2 silver javelins (quivered)
Armour
 j - a +0 scale mail (worn)
 l - a +1 cloak (worn)
 q - a +0 kite shield
Jewellery
 i - a ring of ice
 u - a ring of see invisible
Wands
 f - a wand of digging (3)
 g - a wand of flame (36)
 s - a wand of paralysis (8)
Scrolls
 b - a scroll of fog
 c - 3 scrolls of magic mapping
 d - 3 scrolls of fear
 k - 4 scrolls of immolation
 p - a scroll of teleportation
 r - a scroll of amnesia {unknown}
Potions
 a - a potion of flight
 e - a potion of haste
 n - a potion of lignification {unknown}
 o - a potion of magic
 t - a potion of attraction


   Skills:
 - Level 3.2 Fighting
 + Level 1.1 Armour
 - Level 1.7 Dodging
 - Level 5.4 Stealth
 * Level 7.9 Unarmed Combat


You had 6 spell levels left.
You didn't know any spells.
Your spell library was empty.

Dungeon Overview and Level Annotations

Branches:
Dungeon (5/15)
 Temple: D:4-7

Altars:
Elyvilon
Hepliaklqana
Kikubaaqudgha
Nemelex Xobeh

Shops:
D:1 *   D:4 (

Annotations:
D:4 Duvessa


Innate Abilities, Weirdness & Mutations

You thrive by killing the living.
You are immune to poison.
You have sharp fingernails.
Your flesh is cold resistant. (rC+)
You are immune to negative energy. (rN+++)
You do not regenerate when monsters are visible.
You are immune to unholy pain and torment.


Message History

Duvessa goes berserk!
What are your orders? t - Shout!
Orders for allies: a - Attack new target. r - Retreat! s - Stop attacking. g - Guard the area. f - Follow me.
Anything else - Cancel.
Okay, then.
Duvessa hits you with a +0 rapier. Duvessa hits you with a +0 rapier.
Duvessa hits you with a +0 rapier! Duvessa hits you with a +0 rapier.
Duvessa hits you with a +0 rapier! Duvessa hits you with a +0 rapier!
* * * LOW HITPOINT WARNING * * *
You are no longer glowing.
Duvessa hits you with a +0 rapier!
* * * LOW HITPOINT WARNING * * *
Okay, then.
Okay, then.
Unknown command.
It was a potion of attraction.
You feel attractive to monsters. Duvessa closely misses you.
It was a potion of might.
You feel very mighty all of a sudden.
Duvessa is no longer berserk.
Duvessa barely misses you. Duvessa closely misses you.
It was a potion of curing.
You feel better.
Okay, then.
You scratch Duvessa.
Duvessa is lightly wounded.
Duvessa hits you with a +0 rapier.
* * * LOW HITPOINT WARNING * * *
You scratch Duvessa but do no damage. You claw Duvessa!
Duvessa is heavily wounded.
You claw Duvessa!
Duvessa is severely wounded.
Duvessa hits you with a +0 rapier!
You die...

#.#.#.#.#########.#
#.#.#)#.#########.#
#.#.#(...[........#
#.#.#...#####################
#.#..........................
#.###...###..################
#.# #........# #..........
#.# #..#####e# #######.######
#.# #..#...#@# #.....#.# #
#.# #..###.#.# #.###.#.######
#.# #..# #.#.# #.# #.........
#.# #..# #.#.# #.# #.........
#.# #..###.#.# #.# #.........
#.# #......#.# #.# #.........
#.####)#####.###)###.........
#.......)....#.........######
#.####.#######.#.####### #


You could see Duvessa (slow).

Vanquished Creatures
  A bullfrog (D:3)
  Dowan (D:4)
  3 jellies (D:3)
  A bullfrog skeleton (D:4)
  2 orc priests (D:4)
  A hound skeleton (D:4)
  4 adders
  A worm (D:3)
  2 dart slugs (D:3)
  6 orcs (D:4)
  7 ball pythons
  20 endoplasms
  3 giant cockroaches
  5 goblins
  6 hobgoblins
  5 jackals
  4 quokkas
  4 bats
  3 frilled lizards
  12 kobolds
  6 rats
  A spectral goblin (D:4)
98 creatures vanquished.

Vanquished Creatures (others)
  5 fungi (D:3)
  8 toadstools (D:3)
13 creatures vanquished.

Grand Total: 111 creatures vanquished

Notes
Turn   | Place    | Note
-------+----------+-------------------------------------------
     0 | D:5      | Froggeryz the Ghoul Delver began the quest for the Orb.
     0 | D:5      | Reached XP level 1. HP: 19/19 MP: 0/0
    12 | D:5      | Noticed a scorpion
   121 | D:5      | Noticed a scorpion
   184 | D:4      | Noticed Duvessa
   184 | D:4      | Noticed Dowan
   316 | D:2      | Reached skill level 3 in Unarmed Combat
   316 | D:2      | Reached XP level 2. HP: 24/26 MP: 1/1
   779 | D:1      | Reached XP level 3. HP: 31/31 MP: 2/2
   857 | D:1      | Found Woluulun's Assorted Antiques.
   861 | D:1      | Bought a scroll labelled AGONEX KIHO for 26 gold pieces
   861 | D:1      | Bought a scroll labelled GURAKH CI XUYR for 26 gold pieces
   861 | D:1      | Bought a scroll labelled QEUXTY QULUOQ for 26 gold pieces
   971 | D:1      | Reached skill level 4 in Unarmed Combat
  1470 | D:2      | Found Cuaham's Armour Shoppe.
  1772 | D:2      | Reached XP level 4. HP: 38/38 MP: 3/3
  2058 | D:3      | Found a faded altar of an unknown god.
  2222 | D:3      | Noticed a bullfrog
  2233 | D:3      | Killed a bullfrog
  2234 | D:3      | Reached skill level 5 in Unarmed Combat
  2234 | D:3      | Reached XP level 5. HP: 38/45 MP: 4/4
  2425 | D:3      | Found a sparkling altar of Nemelex Xobeh.
  2578 | D:3      | Reached skill level 6 in Unarmed Combat
  2682 | D:3      | Reached XP level 6. HP: 48/51 MP: 5/5
  2881 | D:3      | Reached skill level 7 in Unarmed Combat
  2888 | D:3      | Found an ancient bone altar of Kikubaaqudgha.
  3058 | D:4      | Found a hazy altar of Hepliaklqana.
  3852 | D:4      | Found Ritutewn's Antique Weapon Shoppe.
  4380 | D:4      | Killed Dowan
  4381 | D:4      | Reached skill level 1 in Armour
  4381 | D:4      | Reached XP level 7. HP: 54/57 MP: 6/6
  4409 | D:4      | Slain by Duvessa

Illustrated notes

Levels and vault maps discovered:
D:1:      lemuel_arrival_cross, layout_loops_corners, serial_shops, shop,
          hangedman_decor_diamond_cutter, grunt_decor_one_mirror, st_stairs_3
D:2:      layout_loops_ring, serial_shops, shop_statue, basic_altar,
          fountainhead
D:3:      cheibrodos_fertilizer, layout_loops_cross, lemuel_crystal_altar,
          marbit_many_paths, hellmonk_ecumenical_altar_pennies_from_heaven,
          minivault_26
D:4:      layout_basic, nicolae_hepliaklqana_monster_ancestors, serial_shops,
          nicolae_shop_statue_plus, uniq_duvessa
D:5:      layout_basic, kennysheep_okawaru_gauntlet, zin_treasury

Skill      XL: |  1  2  3  4  5  6 |
---------------+-------------------+-----
Unarmed Combat | 3 4 5 6 7 |  7.9
Armour         | 1 |  1.1
Fighting       | |  3.2
Dodging        | |  1.7
Stealth        | |  5.4

Action                   |  1- 3 |  4- 6 |  7- 9 || total
-------------------------+-------+-------+-------++-------
Melee: Unarmed           |   104 |   176 |     3 ||   283
       Punch             |     1 |    11 |     1 ||    13
  Use: Scroll            |     5 |     4 |       ||     9
       Potion            |       |       |     3 ||     3
 Stab: Sleeping          |     4 |     3 |       ||     7
       Distracted        |       |     1 |       ||     1
Armor: Scale mail        |    44 |    76 |       ||   120
       Leather armour    |     1 |       |       ||     1
Dodge: Dodged            |    42 |    57 |     3 ||   102

Table legend: (Time is in decaauts)
 A = Elapsed time spent in this place.
 B = Non-inter-level travel time spent in this place.
 C = Inter-level travel time spent in this place.
 D = Time resting spent in this place.
 E = Time spent auto-exploring this place.
 F = Levels seen in this place.
 G = Mean time per level.
                   A        B        C        D        E       F      G
               +--------+--------+--------+--------+--------+-----+--------+
         Total |   4384 |   4264 |    120 |     25 |   3439 |   5 |  876.8 |
       Dungeon |   4384 |   4264 |    120 |     25 |   3439 |   5 |  876.8 |
               +--------+--------+--------+--------+--------+-----+--------+

Top non-repeatable levels by time:
     D:4: 1484 daAuts
     D:1: 1079 daAuts
     D:3: 981 daAuts
     D:2: 665 daAuts
     D:5: 174 daAuts
